 Dungeon Crawl Stone Soup version 0.30.0-16-gbe6223bb7e (webtiles) character file.

Game seed: 15006021459745721605

72 Jackthecabe the Poker (level 4, -7/33 HPs)
             Began as a Demonspawn Warper on May 20, 2023.
             Was a Plaything of Xom.
             Killed by divine providence
             ... invoked by an orc priest
              (12 damage)
             ... on level 3 of the Dungeon.
             The game lasted 00:04:59 (2482 turns).

Jackthecabe the Poker (Demonspawn Warper)           Turns: 2482, Time: 00:05:00

Health: -7/33      AC:  8    Str: 13    XL:     4   Next: 6%
Magic:  7/7        EV:  6    Int: 14    God:    Xom [..*...]
Gold:   82         SH:  0    Dex: 13    Spells: 7/7 levels left

rFire   . . .        a - +0 spear
rCold   . . .        (no shield)
rNeg    . . .        k - +0 chain mail
rPois   .            (no helmet)
rElec   .            (no cloak)
rCorr   .            (no gloves)
SInv    .            (no boots)
Will    .....        (no amulet) Stlth
                     (no ring)
HPRegen 0.25/turn    (no ring)
MPRegen 0.10/turn

%: no passive effects
@: lethally poisoned (-7 -> -10)
A: spiny 1, weakness stinger 1
a: Renounce Religion


You were on level 3 of the Dungeon.
You worshipped Xom.
You were a toy of Xom.
You visited 1 branch of the dungeon, and saw 3 of its levels.

You collected 82 gold pieces.

Inventory:

Hand Weapons
 a - a +0 spear (weapon)
Missiles
 d - 6 boomerangs of dispersal (quivered) {=f}
 l - 5 boomerangs
Armour
 b - a +0 leather armour
 k - a +0 chain mail (worn)
   (You found it on level 2 of the Dungeon)
Jewellery
 o - an amulet of reflection
   (You found it on level 3 of the Dungeon)
Scrolls
 c - a scroll of blinking {!r!d}
 f - a scroll of noise {unknown}
 g - a scroll of magic mapping {unknown}
 i - 6 scrolls of identify {unknown}
 j - a scroll of butterflies {unknown}
 m - a scroll of poison {unknown}
 n - a scroll of fog {unknown}
Potions
 e - 2 potions of brilliance {unknown}
 h - 2 potions of attraction {unknown}


   Skills:
 - Level 2.0 Fighting
 + Level 4.0 Polearms
 - Level 0.8 Throwing
 - Level 0.8 Armour
 - Level 1.7 Dodging
 - Level 2.0 Spellcasting
 - Level 2.6 Translocations


You had 7 spell levels left.
You didn't know any spells.
Your spell library contained the following spells:

 Spells                   Type           Power      Damage    Failure   Level
 Blink                    Tloc           16%        N/A       95%         2
 Lesser Beckoning         Tloc           16%        N/A       95%         2
 Teleport Other           Tloc           8%         N/A       99%         3
 Vhi's Electric Charge    Tloc/Air       10%        N/A       100%        3
 Manifold Assault         Tloc           8%         N/A       100%        4


Dungeon Overview and Level Annotations

Branches:
Dungeon (3/15)

Altars:
Xom

Shops:
D:1 =


Innate Abilities, Weirdness & Mutations

You are partially covered in sharp spines.
You have a small tail.


Message History

A hobgoblin comes into view.
The hobgoblin shouts!
You hit the dart slug but do no damage.
The dart slug bites you but does no damage.
You hit the dart slug. You hit the dart slug.
The dart slug bites you but does no damage.
You hit the dart slug. The dart slug barely misses you.
You hit the dart slug.
You kill the dart slug!
The hobgoblin hits you.
You take 1 damage, and have 23/27 hp.
You barely miss the hobgoblin. You tail-slap the hobgoblin.
You hit the hobgoblin. The hobgoblin hits you.
You take 2 damage, and have 22/27 hp.
You hit the hobgoblin.
You kill the hobgoblin!
No target in view!
No target in view!
An orc priest and an orc come into view.
The orc priest is wielding a +1 short sword of venom.
The orc priest shouts!
The orc moves out of view.
Health restored: 27 You start waiting.
An orc is nearby!
An orc comes into view. It is wielding a +0 trident.
The orc priest invokes the aid of Beogh against you.
Pain shoots through your body!
You take 6 damage, and have 21/27 hp.
MASSIVE DAMAGE!!
You closely miss the orc.
The orc shouts!
The orc barely misses you. The orc attacks as you move away!
The orc hits you but does no damage.
Here: an orc priest, wielding a +1 short sword of venom and wearing a +0 leather armour The floor.
You barely miss the orc.
Your tail-slap misses the orc.
The orc hits you but does no damage.
You hit the orc. The orc hits you with a +0 club.
You take 1 damage, and have 21/27 hp.
You closely miss the orc. The orc hits you but does no damage.
You hit the orc.
You kill the orc!
The orc hits you from afar with a +0 trident.
You have reached level 4!
You feel agile.
Your demonic ancestry asserts itself...
Sharp spines emerge from parts of your body.
You take 2 damage, and have 19/33 hp.
MP restored: 7
There is an open door here.
You see here 4 stones.
An orc comes into view. It is wielding a +0 dagger.
The orc shouts!
The orc is struck by your spines. The orc hits you but does no damage.
The orc attacks as you move away! The orc is struck by your spines.
You kill the orc!
Your Polearms skill increases to level 4!
The orc hits you with a +0 trident.
You take 5 damage, and have 26/33 hp.
You hit the orc. The orc hits you with a +0 trident.
You take 1 damage, and have 25/33 hp.
You completely miss the orc.
Your tail-slap misses the orc.
The orc barely misses you.
You hit the orc.
You kill the orc!
No target in view!
You start resting.
An orc priest is nearby!
You closely miss the orc priest.
The orc priest invokes the aid of Beogh against you.
Pain shoots through your body!
You take 7 damage, and have 19/33 hp.
MASSIVE DAMAGE!!
You are too injured to fight recklessly!
You are too injured to fight recklessly!
You are too injured to fight recklessly!
You are too injured to fight recklessly!
You are too injured to fight recklessly!
You are too injured to fight recklessly!
You closely miss the orc priest.
The orc priest is struck by your spines.
The orc priest hits you with a +1 short sword of venom.
You take 1 damage, and have 18/33 hp.
You hit the orc priest.
The orc priest is struck by your spines.
The orc priest hits you but does no damage.
You are poisoned.
You hit the orc priest.
You feel sick.
The orc priest calls down the wrath of Beogh upon you.
Beogh smites you!
* * * LOW HITPOINT WARNING * * *
You take 11 damage, and have 7/33 hp.
MASSIVE DAMAGE!!
Throw: 7 boomerangs (disperse) {=f}
Aim: an orc priest, wielding a +1 short sword of venom and wearing a +0 leather armour (heavily wounded, 57% to hit)
You throw a boomerang of dispersal {=f}.
The boomerang of dispersal {=f} hits the orc priest and shatters, but does no damage.
* * * LOW HITPOINT WARNING * * *
You feel sick.
The orc priest calls down the wrath of Beogh upon you.
Beogh smites you!
You die...

#...#(##o# #......#
##(..#.##.# #....<.#
#####......##.# ###.##.#
......$....##.#.######.##.#
#####..#####.#........##..
#..# ##.########.#####
#..####.#...#####.#
#....o.##.#.......#
##.####)#@..####### #.#
##o#### #.# #.## #.# #..#
#.# ##..## .....#....# ##
#......# ...#####..#
._.....'.##


You could see an orc priest.

Vanquished Creatures
  2 adders (D:2 D:3)
  A worm (D:2)
  A dart slug (D:3)
  5 orcs (D:3)
  5 ball pythons (D:1 D:2 D:3)
  4 endoplasms (D:1 D:2)
  4 giant cockroaches (D:1 D:2)
  2 goblins (D:1)
  6 hobgoblins (D:1 D:2 D:3)
  3 kobolds (D:1 D:2)
  A quokka (D:2)
  A bat (D:2)
  A frilled lizard (D:1)
  5 rats (D:1 D:2 D:3)
41 creatures vanquished.

Notes
Turn   | Place    | Note
-------+----------+-------------------------------------------
     0 | D:1      | Jackthecabe the Demonspawn Warper began the quest for the
                  | Orb.
     0 | D:1      | Reached XP level 1. HP: 16/16 MP: 3/3
    98 | D:1      | Reached skill level 2 in Polearms
   198 | D:1      | HP: 8/16 [hobgoblin (1)]
   357 | D:1      | HP: 8/16 [endoplasm (3)]
   593 | D:1      | Gained mutation: You have a small tail. [demonic ancestry]
   593 | D:1      | Reached XP level 2. HP: 22/22 MP: 5/5
   836 | D:1      | Found Ylecydut's Jewellery Shoppe.
  1266 | D:2      | Reached skill level 3 in Polearms
  1267 | D:2      | Found a faded altar of an unknown god.
  1276 | D:2      | Prayed at the altar of an unknown god.
  1276 | D:2      | Became a worshipper of Xom of Chaos
  1420 | D:2      | XOM: divination: detect creatures
  1476 | D:2      | XOM: divination: detect items
  1605 | D:2      | Reached XP level 3. HP: 27/27 MP: 6/6
  2427 | D:3      | Gained mutation: You are partially covered in sharp spines.
                  | [demonic ancestry]
  2427 | D:3      | Reached XP level 4. HP: 19/33 MP: 7/7
  2471 | D:3      | Reached skill level 4 in Polearms
  2481 | D:3      | HP: 7/33 [orc priest/divine providence (10)]
  2482 | D:3      | Killed from afar by an orc priest

Illustrated notes

Levels and vault maps discovered:
D:1:      shiori_arrival_maze, layout_loops_corners, serial_shops,
          nicolae_shop_tiny_waterfront
D:2:      minmay_door_path, layout_basic, shapermc_ecumenical_altar_mp_highgroup
D:3:      layout_loops_ring, mainiacjoe_overflow_surrounded_room,
          corexii_leaking_fountain, chequers_serial_rivers_marsh,
          minmay_strange_pillars

Skill      XL: |  1  2  3  4 |
---------------+-------------+-----
Polearms       | 2 3 4 |  4.0
Fighting       | |  2.0
Throwing       | |  0.8
Armour         | |  0.8
Dodging        | |  1.7
Spellcasting   | |  2.0
Translocations | |  2.6

Action                     |  1- 3 |  4- 6 || total
---------------------------+-------+-------++-------
  Melee: Spear             |   178 |     7 ||   185
         Tailslap          |     9 |       ||     9
  Throw: Boomerang         |       |     1 ||     1
 Armour: Leather armour    |     9 |       ||     9
         Chain mail        |    56 |     2 ||    58
  Dodge: Dodged            |    54 |     1 ||    55

Levels and vault maps discovered:
D:1:      shiori_arrival_maze, layout_loops_corners, serial_shops,
          nicolae_shop_tiny_waterfront
D:2:      minmay_door_path, layout_basic, shapermc_ecumenical_altar_mp_highgroup
D:3:      layout_loops_ring, mainiacjoe_overflow_surrounded_room,
          corexii_leaking_fountain, chequers_serial_rivers_marsh,
          minmay_strange_pillars

Table legend: (Time is in decaauts)
 A = Elapsed time spent in this place.
 B = Non-inter-level travel time spent in this place.
 C = Inter-level travel time spent in this place.
 D = Time resting spent in this place.
 E = Time spent auto-exploring this place.
 F = Levels seen in this place.
 G = Mean time per level.
                   A        B        C        D        E       F      G
               +--------+--------+--------+--------+--------+-----+--------+
         Total |   2473 |   2360 |    113 |     27 |   1866 |   3 |  824.3 |
       Dungeon |   2473 |   2360 |    113 |     27 |   1866 |   3 |  824.3 |
               +--------+--------+--------+--------+--------+-----+--------+

Top non-repeatable levels by time:
     D:2: 1171 daAuts
     D:1: 999 daAuts
     D:3: 302 daAuts

Table legend:
 A = Kills in this place as a percentage of kills in the entire game.
 B = Kills by you in this place as a percentage of kills by you in the entire game.
 C = Kills by friends in this place as a percentage of kills by friends in the entire game.
 D = Other kills in this place as a percentage of other kills in the entire game.
 E = Experience gained in this place as a percentage of experience gained in the entire game.
 F = Experience gained in this place divided by the number of levels of this place that you have seen.
                   A       B       C       D       E      F
               +-------+-------+-------+-------+-------+----------------------
         Total | 100.0 | 100.0 |   N/A |   N/A | 100.0 |  34.3
       Dungeon | 100.0 | 100.0 |   N/A |   N/A | 100.0 |  34.3
               +-------+-------+-------+-------+-------+----------------------
